 Dungeon Sprint DCSS version 0.22-a0-617-g6d95e9e (webtiles) character file.

1572 Kidiri the Covert (level 8, -1/42 HPs)
             Began as a Spriggan Enchanter on July 13, 2018.
             Succumbed to a hornet's poison
             ... in the Dungeon (Sprint II: "The Violet Keep of Menkaure").
             The game lasted 00:06:16 (1175 turns).

Kidiri the Covert (Spriggan Enchanter)              Turns: 1175, Time: 00:06:17

Health: -1/42      AC:  3    Str:  4    XL:     8   Next: 59%
Magic:  8/23       EV: 30    Int: 20    God:
Gold:   22         SH:  0    Dex: 21    Spells: 15/27 levels left

rFire    . . .     SeeInvis +   a - +1 dagger
rCold    . . .     Gourm    .   (shield restricted)
rNeg     . . .     Faith    .   e - +1 robe of Laizoxki {rElec Int+3}
rPois    .         Spirit   .   (helmet restricted)
rElec    +         Reflect  .   (no cloak)
rCorr    .         Harm     .   (gloves unavailable)
MR       ++...     NoTele   +   (boots unavailable)
Stlth    ++++++....             (no amulet)
HPRegen  0.14/turn              c - ring "Atiump" {MR+ Dex+3}
MPRegen  0.18/turn              (no ring)

@: lethally poisoned (-1 -> -20), very quick
A: very small, unfitting armour, see invisible, herbivore, speed 3, slow
metabolism 2
a: no special abilities


You were in the Dungeon.
You were not hungry.

You visited 1 branch You collected 972 gold pieces.
You spent 950 gold pieces at shops.

Inventory:

Hand Weapons
 a - a +1 dagger (weapon)
 f - a -3 dagger
Armour
 b - a +0 robe
 e - the +1 robe of Laizoxki (worn) {rElec Int+3}
   (You bought it in a shop in the Dungeon)

   It affects your intelligence (+3).
   It insulates you from electricity.
Jewellery
 c - the ring "Atiump" (left hand) {MR+ Dex+3}
   (You acquired it in the Dungeon)

   [ring of dexterity]

   It affects your dexterity (+3).
   It affects your resistance to hostile enchantments.
Scrolls
 j - a scroll of blinking
Potions
 g - a potion of haste
 h - 2 potions of magic
Comestibles
 d - a ration


   Skills:
 + Level 4.7 Fighting
 * Level 9.1 Short Blades
 + Level 4.2 Armour
 * Level 11.9 Dodging
 * Level 13.1 Stealth
 * Level 10.2 Spellcasting
 + Level 8.0 Hexes


You had 15 spell levels left.
You knew the following spells:

 Your Spells              Type           Power        Failure   Level  Hunger
a - Corona                Hex            #####..      1%          1    None
b - Ensorcelled Hibernat  Hex/Ice        ####..       1%          2    None
c - Confuse               Hex            #####...     1%          3    None
d - Tukima's Dance        Hex            #####...     1%          3    None
e - Dazzling Spray        Conj/Hex       ####..       4%          3    None

Your spell library contained the following spells:

 Spells                   Type           Power        Failure   Level  Hunger


Dungeon Overview and Level Annotations

Branches:
Dungeon (1/1)

Altars:
Cheibriados
Dithmenos
Elyvilon
Fedhas
Gozag
Hepliaklqana
Kikubaaqudgha
Makhleb
Nemelex Xobeh
Okawaru
Qazlal
Ru
Sif Muna
Trog
Uskayaw
Vehumet
Wu Jian
Xom
Yredelemnul
Zin
The Shining One
Beogh
Jiyva
Lugonu

Shops:
D :%?=?[:!=?(!![}*

Annotations:
D exclusions: oklob plant and skeletal warrior, Kirke


Innate Abilities, Weirdness & Mutations

You are very small and have problems with some larger weapons.
You are too small for most types of armour.
You have supernaturally acute eyesight. (SInv)
You are a herbivore.
You cover ground extremely quickly.
You need to consume almost no food.


Message History

* * * LOW HITPOINT WARNING * * *
You feel sick.
Casting: Ensorcelled Hibernation (safe; 1% risk of failure)
Confirm with . or Enter, or press ? or * to list all spells.
Aiming: Ensorcelled Hibernation (safe; 1% risk of failure)
Press: ? - help, Shift-Dir - straight line, f - yaktaur
Aim: a yaktaur (chance to defeat MR: 37%)
The yaktaur easily resists.
You feel yourself speed up.
* * * LOW HITPOINT WARNING * * *
You feel very sick. The yaktaur closely misses you.
Unknown command.
Casting: Ensorcelled Hibernation (safe; 1% risk of failure)
Confirm with . or Enter, or press ? or * to list all spells.
Aiming: Ensorcelled Hibernation (safe; 1% risk of failure)
Press: ? - help, Shift-Dir - straight line, f/p - yaktaur
Aim: a yaktaur (chance to defeat MR: 37%)
The yaktaur easily resists.
You die... .....# +##..# #. #.##.#### +.##. #..#....# ...# ## ..####..## #..# $# !?) +###.##..# +..# .# %!! .##...#..# #..# .# !!$?

<.+##.+..####..##c#▓!$$(
.##.###....###..@##▓▓▓▓▓
+# #.##......≈≈≈†≈≈≈≈≈≈≈
.#####≈§§§.§.≈#'########
#..#≈≈≈≈≈≈≈..≈#....._._#
#.##§≈≈≈≈≈§≈.≈#...._._.#
+##≈≈≈≈≈≈≈§≈≈≈#..._._._#
≈≈≈≈≈≈≈≈§§≈§≈≈#.._._._.#
#+++#≈≈≈§§≈≈§≈#._._._._#
§§≈ ##≈≈≈###≈≈#_._._._.#


You could see a yaktaur.

Vanquished Creatures
  2 tyrant leeches (D)
  2 polar bears (D)
  A hornet (D)
  4 necrophages (D)
  A crocodile (D)
  A hell rat (D)
  4 worker ants (D)
  3 worms (D)
18 creatures vanquished.

Vanquished Creatures (others)
  Menkaure (D)
  A crocodile (D)
2 creatures vanquished.

Grand Total: 20 creatures vanquished

Notes
Turn   | Place    | Note
-------+----------+-------------------------------------------
     0 | D        | Kidiri the Spriggan Enchanter began the quest for the Orb.
     0 | D        | Reached XP level 1. HP: 9/9 MP: 5/5
     1 | D        | Noticed a necrophage
     1 | D        | Noticed a necrophage
     1 | D        | Noticed a necrophage
     1 | D        | Noticed a necrophage
     4 | D        | Noticed a tyrant leech
     4 | D        | Noticed a tyrant leech
     7 | D        | Noticed a worker ant
     7 | D        | Noticed a worker ant
    14 | D        | Killed Menkaure
    93 | D        | Killed a crocodile
   123 | D        | Killed a necrophage
   123 | D        | Reached skill level 1 in Fighting
   123 | D        | Reached skill level 1 in Armour
   123 | D        | Reached skill level 5 in Dodging
   123 | D        | Reached skill level 7 in Stealth
   123 | D        | Reached skill level 5 in Spellcasting
   123 | D        | Reached XP level 2. HP: 15/15 MP: 5/9
   123 | D        | Reached XP level 3. HP: 18/18 MP: 5/10
   123 | D        | Reached XP level 4. HP: 23/23 MP: 6/12
   129 | D        | Killed a necrophage
   129 | D        | Reached skill level 8 in Stealth
   129 | D        | Reached skill level 5 in Hexes
   129 | D        | Reached XP level 5. HP: 26/26 MP: 6/14
   138 | D        | Killed a necrophage
   138 | D        | Reached skill level 5 in Short Blades
   138 | D        | Reached skill level 9 in Stealth
   186 | D        | Killed a necrophage
   186 | D        | Reached skill level 10 in Stealth
   186 | D        | Reached XP level 6. HP: 6/32 MP: 9/17
   346 | D        | Learned a level 2 spell: Ensorcelled Hibernation
   350 | D        | Learned a level 3 spell: Confuse
   354 | D        | Learned a level 3 spell: Tukima's Dance
   358 | D        | Learned a level 3 spell: Dazzling Spray
   703 | D        | Noticed an obsidian statue
   710 | D        | Found Upumul's Gadget Emporium.
   964 | D        | Found Fankel's Distillery.
   965 | D        | Found Zahuqeng's Magic Scroll Shoppe.
   965 | D        | Found Atefujy's Jewellery Emporium.
   965 | D        | Found Honefrem's Distillery.
   971 | D        | Found Melun's Antique Armour Emporium.
   971 | D        | Found Pac Noup's Magic Scroll Shoppe.
   992 | D        | Killed a tyrant leech
   992 | D        | Reached skill level 10 in Dodging
   992 | D        | Reached skill level 11 in Stealth
   992 | D        | Reached XP level 7. HP: 37/37 MP: 13/20
   997 | D        | Killed a tyrant leech
  1022 | D        | Noticed an ice statue
  1025 | D        | Found Tiocwimi's General Store.
  1025 | D        | Noticed Kirke
  1025 | D        | Noticed a yaktaur captain
  1025 | D        | Noticed a skeletal warrior
  1026 | D        | Reached skill level 12 in Stealth
  1058 | D        | Found Axijisch's Distillery.
  1058 | D        | Found Tiatoj's Antique Armour Shoppe.
  1058 | D        | Found Qarr's Book Emporium.
  1058 | D        | Found Vinuriep's Antique Weapon Emporium.
  1059 | D        | Found Zeanoejy's Jewellery Emporium.
  1060 | D        | Found Ziapom's Magic Scroll Shoppe.
  1060 | D        | Found Tebagino's Food Emporium.
  1060 | D        | Noticed a manticore
  1061 | D        | Noticed a manticore
  1062 | D        | Noticed a manticore
  1062 | D        | Noticed an oklob plant
  1063 | D        | Found Hyihusigh's Book Shoppe.
  1065 | D        | Noticed a wyvern
  1066 | D        | Noticed a wyvern
  1069 | D        | Noticed a fire dragon
  1074 | D        | Bought a scroll of acquirement for 728 gold pieces
  1086 | D        | Bought a dull robe for 96 gold pieces
  1096 | D        | Identified the +1 robe of Laizoxki {rElec Int+3} (You bought it in a shop in the Dungeon)
  1098 | D        | Bought a runed dagger for 90 gold pieces
  1102 | D        | Got a brightly glowing bone ring
  1103 | D        | Identified the ring "Atiump" {MR+ Dex+3} (You acquired it in the Dungeon)
  1108 | D        | Bought a scroll of remove curse for 36 gold pieces
  1148 | D        | Found a snail-covered altar of Cheibriados.
  1149 | D        | Found a shadowy altar of Dithmenos.
  1150 | D        | Found a white marble altar of Elyvilon.
  1150 | D        | Found an ancient bone altar of Kikubaaqudgha.
  1150 | D        | Found a roughly hewn altar of Beogh.
  1150 | D        | Found a viscous altar of Jiyva.
  1151 | D        | Found a blossoming altar of Fedhas.
  1151 | D        | Found a corrupted altar of Lugonu.
  1151 | D        | Found a deep blue altar of Sif Muna.
  1152 | D        | Found an opulent altar of Gozag.
  1152 | D        | Found a burning altar of Makhleb.
  1152 | D        | Found a bloodstained altar of Trog.
  1153 | D        | Found a sparkling altar of Nemelex Xobeh.
  1153 | D        | Found a hide-covered altar of Uskayaw.
  1154 | D        | Found a basalt altar of Yredelemnul.
  1155 | D        | Found an iron altar of Okawaru.
  1155 | D        | Found a radiant altar of Vehumet.
  1155 | D        | Found a glowing silver altar of Zin.
  1155 | D        | Found a hazy altar of Hepliaklqana.
  1155 | D        | Found a sacrificial altar of Ru.
  1155 | D        | Found a shimmering altar of Xom.
  1155 | D        | Noticed a hornet
  1155 | D        | Noticed a polar bear
  1156 | D        | Found a stormy altar of Qazlal.
  1156 | D        | Found an ornate altar of the Wu Jian Council.
  1156 | D        | Found a glowing golden altar of the Shining One.
  1156 | D        | Noticed a yaktaur
  1157 | D        | Noticed a polar bear
  1159 | D        | Noticed a polar bear
  1164 | D        | Killed a polar bear
  1164 | D        | Reached XP level 8. HP: 42/42 MP: 17/22
  1168 | D        | Killed a polar bear
  1169 | D        | Paralysed by a hornet for 1 turns
  1173 | D        | Killed a hornet
  1173 | D        | Reached skill level 13 in Stealth
  1173 | D        | Reached skill level 10 in Spellcasting
  1174 | D        | HP: 1/42 [poisoned by a hornet]
  1175 | D        | Succumbed to a hornet's poison

Vault maps used:
D:        the_violet_keep_of_menkaure

Skill      XL: |  1  2  3  4  5  6  7  8 |
---------------+-------------------------+-----
Fighting       | 1 2 3 4 |  4.7
Short Blades   | 3 4 6 7 8 9 |  9.1
Armour         | 1 2 3 4 |  4.2
Dodging        | 5 7 8 10 11 | 11.9
Stealth        | 7 8 10 11 12 13 | 13.1
Spellcasting   | 5 6 7 8 9 10 | 10.2
Hexes          | 4 5 6 7 8 |  8.0

Action                   |  1- 3 |  4- 6 |  7- 9 || total
-------------------------+-------+-------+-------++-------
Melee: Dagger            |     4 |    63 |    10 ||    77
 Cast: Corona            |     1 |     6 |       ||     7
       Ensorcelled Hiber |       |    12 |     5 ||    17
       Confuse           |       |     1 |     2 ||     3
  Use: Potion            |     1 |     2 |       ||     3
       Scroll            |       |       |     2 ||     2
 Stab: Sleeping          |       |     9 |     3 ||    12
       Confused          |       |       |     3 ||     3
Armor: Robe              |       |     1 |       ||     1
Dodge: Dodged            |     5 |    45 |    15 ||    65

Table legend:
 A = Spawn XP
 B = Non-spawn XP
 C = Spawn XP percentage of total XP
 D = Spawn monster count
 E = Non-spawn monster count
 F = Spawn count percentage of total count
 G = Total turns spent on level
                    A         B        C        D         E        F      G
               +---------+---------+-------+---------+---------+-------+---------
         Total |       0 |    2246 |   0.0 |       0 |      18 |   0.0 |  1175
               +---------+---------+-------+---------+---------+-------+---------
             D |       0 |    2246 |   0.0 |       0 |      18 |   0.0 |  1175
               +---------+---------+-------+---------+---------+-------+---------
